[Event "ICC tourney 1954 (60 10)"]
[Site "Internet Chess Club"]
[Date "2020.08.07"]
[Round "1"]
[White "jxfan1"]
[Black "JKnapp"]
[Result "1-0"]
[ICCResult "Black resigns"]
[WhiteElo "1218"]
[BlackElo "806"]
[Opening "Scandinavian (center counter) defense"]
[ECO "B01"]
[NIC "SD.02"]
[Time "12:21:38"]
[TimeControl "3600+10"]

1. e4 d5 2. exd5 Qxd5 3. Nc3 Qd8 4. d4 Nf6 5. Nf3 Bf5 6. Be3 e6 7. a3 Bd6 8.
Be2 c6 9. O-O Nbd7 10. Re1 O-O 11. Bd3 Bxd3 12. Qxd3 Re8 13. Rad1 Qe7 14. h3
Rad8 15. Bg5 h6 16. Bh4 e5 17. d5 c5 18. Ne4 g5 19. Bg3 Nh5 20. Bh2 Ndf6 21.
Nxd6 Qxd6 22. c4 Nf4 23. Bxf4 exf4 24. Nd2 b5 25. Ne4 Nxe4 26. Rxe4 bxc4 27.
Qxc4 Qg6 28. Rxe8+ Rxe8 29. Qxc5 Rd8 30. d6 Qe6 31. Qc7 Qd7 32. Qc5 Kg7 33.
b4 g4 34. b5 gxh3 35. gxh3 f3 36. Qc3+ Kh7 37. Qxf3 Qe6 38. Qf4 Rg8+ 39. Kh2
Qg6 40. Qg3 Qc2 41. Qd3+ Qxd3 42. Rxd3 Rd8 43. a4 Kg6 44. a5 Kf6 45. b6 axb6
46. axb6 Rb8 47. d7 Ke7 48. b7 Rd8 49. Re3+ Kxd7 50. Rd3+ Kc7 51. Rxd8 Kxb7
52. Rd7+ Kb6 53. Rxf7 {Black resigns} 1-0

[Event "ICC tourney 1954 (60 10)"]
[Site "Internet Chess Club"]
[Date "2020.08.07"]
[Round "1"]
[White "PirateKing"]
[Black "OwenT"]
[Result "0-1"]
[ICCResult "White checkmated"]
[WhiteElo "850"]
[BlackElo "1261"]
[Opening "Queen's pawn, Mason variation"]
[ECO "D00"]
[NIC "QP.08"]
[Time "12:22:22"]
[TimeControl "3600+10"]

1. d4 d5 2. Bf4 e6 3. Nf3 Nf6 4. h3 Bd6 5. Bxd6 Qxd6 6. e3 O-O 7. Nbd2 Nc6
8. Bd3 b6 9. c3 Bb7 10. Qc2 e5 11. dxe5 Nxe5 12. Nxe5 Qxe5 13. O-O-O Rac8
14. Nf3 Qd6 15. Ng5 h6 16. Nf3 c5 17. Qe2 Rfe8 18. Bb5 Re7 19. Ba6 Bxa6 20.
Qxa6 Qc7 21. Qe2 Ree8 22. a3 d4 23. Rd3 Nd5 24. g3 f5 25. Qd2 dxe3 26. fxe3
Nf6 27. Re1 Qxg3 28. Ng1 Ne4 29. Qe2 Nf2 30. Kc2 Nxd3 31. Kxd3 Rcd8+ 32. Kc2
f4 33. Qf3 Qxe1 34. Qg4 fxe3 35. Nf3 Qd1# {White checkmated} 0-1

[Event "ICC tourney 1954 (60 10)"]
[Site "Internet Chess Club"]
[Date "2020.08.07"]
[Round "1"]
[White "thihansa"]
[Black "joshhansen7"]
[Result "1-0"]
[ICCResult "Black checkmated"]
[WhiteElo "1129"]
[BlackElo "370"]
[Opening "Caro-Kann defense"]
[ECO "B15"]
[NIC "CK.02"]
[Time "12:21:26"]
[TimeControl "3600+10"]

1. e4 c6 2. d4 d5 3. Nd2 dxe4 4. Nxe4 f5 5. Ng3 e5 6. dxe5 Qxd1+ 7. Kxd1 Be6
8. Bd3 Nd7 9. f4 g6 10. Be3 Bc5 11. Nf1 O-O-O 12. Ke2 Bd5 13. Nf3 Ne7 14. a3
Bb6 15. Bxb6 Nxb6 16. Ne3 a6 17. b3 Kc7 18. Rad1 Rhe8 19. c4 Be4 20. Bxe4
fxe4 21. Ng5 Rf8 22. Ne6+ Kc8 23. Rxd8+ Rxd8 24. Nxd8 Kxd8 25. Rd1+ Kc7 26.
Ng4 Nf5 27. g3 c5 28. Kd2 Nd4 29. Kc3 h5 30. Nf6 e3 31. Re1 e2 32. Nd5+ Kc6
33. Nxb6 Kxb6 34. b4 Kc6 35. bxc5 Kxc5 36. e6 Nxe6 37. Rxe2 Nd4 38. Re5+ Kd6
39. Kxd4 b5 40. cxb5 axb5 41. Rxb5 Ke6 42. a4 Kd7 43. Rb6 Kc7 44. Rxg6 Kb7
45. f5 Kc8 46. Rg7 Kd8 47. f6 Ke8 48. Ra7 Kf8 49. a5 Ke8 50. Rb7 Kd8 51. a6
Kc8 52. f7 Kd8 53. f8=Q# {Black checkmated} 1-0

[Event "ICC tourney 1954 (60 10)"]
[Site "Internet Chess Club"]
[Date "2020.08.07"]
[Round "1"]
[White "Jaguarking"]
[Black "DiamondUnicorn"]
[Result "1-0"]
[ICCResult "Black resigns"]
[WhiteElo "1091"]
[BlackElo "530"]
[Opening "Scotch game"]
[ECO "C45"]
[NIC "SO.05"]
[Time "12:22:09"]
[TimeControl "3600+10"]

1. e4 e5 2. Nf3 Nc6 3. d4 exd4 4. Nxd4 Bc5 5. Be3 Nxd4 6. Bxd4 Bxd4 7. Qxd4
Qf6 8. e5 Qb6 9. Qc3 Ne7 10. Nd2 O-O 11. f3 Nd5 12. Qb3 Qxb3 13. axb3 Re8
14. Kf2 Rxe5 15. Nc4 Re6 16. Re1 Rxe1 17. Kxe1 d6 18. Bd3 Be6 19. Kd2 a6 20.
Re1 b5 21. Ne3 Nxe3 22. Rxe3 g6 23. c4 b4 24. f4 Kg7 25. Be4 Re8 26. Bd5 Kf6
27. g4 Bd7 28. Rxe8 Bxe8 29. Ke3 Bd7 30. g5+ Kf5 31. Bxf7 Kg4 32. Bg8 h5 33.
gxh6 {Black resigns} 1-0

[Event "ICC tourney 1954 (60 10)"]
[Site "Internet Chess Club"]
[Date "2020.08.07"]
[Round "1"]
[White "ryan-simshauser"]
[Black "agrimjax1"]
[Result "0-1"]
[ICCResult "White resigns"]
[WhiteElo "845"]
[BlackElo "1251"]
[Opening "King's Indian defense, 3.Nc3"]
[ECO "E61"]
[NIC "KI.80"]
[Time "12:22:22"]
[TimeControl "3600+10"]

1. d4 Nf6 2. c4 g6 3. Nc3 Bg7 4. Nf3 O-O 5. e3 d6 6. h3 Nbd7 7. Be2 c5 8. d5
Nb6 9. Rb1 Bf5 10. Bd3 Bxd3 11. Qxd3 Qd7 12. e4 Na4 13. O-O Nxc3 14. bxc3 b6
15. e5 Ne8 16. Bf4 dxe5 17. Bxe5 f6 18. Bh2 Nd6 19. Nd2 Nf5 20. Rfe1 Rfe8
21. Nf1 e5 22. Ne3 e4 23. Qd2 Nd6 24. Bxd6 Qxd6 25. g3 f5 26. Ng2 Qe5 27.
Rbc1 Re7 28. Nf4 Bh6 29. Kg2 Rae8 30. Qe3 Bxf4 31. gxf4 Qd6 32. Re2 h6 33.
h4 Rg7 34. Rg1 g5 35. hxg5 hxg5 36. fxg5 f4 37. Qh3 f3+ 38. Kf1 fxe2+ 39.
Kxe2 Qf4 {White resigns} 0-1

[Event "ICC tourney 1954 (60 10)"]
[Site "Internet Chess Club"]
[Date "2020.08.07"]
[Round "1"]
[White "NNatha"]
[Black "Aadarsh99"]
[Result "0-1"]
[ICCResult "White checkmated"]
[WhiteElo "1180"]
[BlackElo "1087"]
[Opening "Réti: King's Indian attack, French variation"]
[ECO "C00"]
[NIC "FR.02"]
[Time "12:21:37"]
[TimeControl "3600+10"]

1. e4 e6 2. d3 d5 3. Nd2 c5 4. Ngf3 Nc6 5. g3 Nf6 6. Bg2 Be7 7. O-O O-O 8.
Re1 Qc7 9. Nf1 Rd8 10. e5 Nd7 11. Bf4 f6 12. exf6 Bd6 13. Bxd6 Qxd6 14. fxg7
Nf6 15. h4 Rd7 16. Bh3 Rxg7 17. Qe2 Re7 18. Ne3 Bd7 19. Ng4 Nxg4 20. Bxg4
Rae8 21. Ne5 Nd4 22. Qd2 Rg7 23. Bh5 Rf8 24. c3 Nf5 25. Kh2 Bc8 26. Rg1 Qxe5
27. Rae1 Qf6 28. Qf4 Qe7 29. Bg4 Nxh4 30. Qe3 Rxg4 31. Kh3 Nf5 32. Qe5 Rg7
33. c4 Qf6 34. Qe2 e5 35. Kg2 Nh4+ 36. Kh1 Qf3+ 37. Kh2 Qxe2 38. Rxe2 Nf3+
39. Kg2 Nxg1 40. Kxg1 Re8 41. cxd5 Rd7 42. f4 Rxd5 43. Kf2 Rxd3 44. fxe5
Rf8+ 45. Kg2 Bg4 46. Rc2 Bf3+ 47. Kh2 Rd5 48. e6 Rd1 49. Rg2 Bxg2 50. Kxg2
Re8 51. g4 Rxe6 52. g5 Rd2+ 53. Kf3 Rxb2 54. Kf4 Rf2+ 55. Kg3 Rf7 56. Kg4
Rg6 57. Kh5 Rf5 58. a4 Rfxg5+ 59. Kh4 Rf5 60. a5 a6 61. Kh3 Rh5#
{White checkmated}
0-1

[Event "ICC tourney 1954 (60 10)"]
[Site "Internet Chess Club"]
[Date "2020.08.07"]
[Round "1"]
[White "iamlifamily"]
[Black "GIML"]
[Result "1-0"]
[ICCResult "Black resigns"]
[WhiteElo "1398"]
[BlackElo "1089"]
[Opening "Sicilian defense"]
[ECO "B30"]
[NIC "SI.31"]
[Time "12:21:59"]
[TimeControl "3600+10"]

1. e4 c5 2. Nf3 Nc6 3. c3 e5 4. Bb5 d6 5. O-O Nf6 6. Bc4 Be7 7. d3 O-O 8.
Bg5 Be6 9. Nbd2 d5 10. exd5 Bxd5 11. Bb5 Bd6 12. Re1 Re8 13. c4 Be6 14. Ne4
Bf5 15. Nxf6+ gxf6 16. Bh4 Re6 17. Bg3 a6 18. Ba4 Bc7 19. Bc2 Nb4 20. Re3
Nxc2 21. Qxc2 Qd7 22. Nh4 Bg6 23. Rd1 f5 24. Nxg6 fxg6 25. Rde1 Rae8 26. Bh4
h6 27. f3 Qd4 28. Bf2 Rd8 29. Qb3 b6 30. Rxe5 Bxe5 31. Bxd4 Bxd4+ 32. Kf1
Rxe1+ 33. Kxe1 Re8+ 34. Kf1 Re3 35. Qxb6 Rxd3 36. Qxg6+ Kh8 37. Qxh6+ Kg8
38. Qe6+ Kg7 39. Qxf5 Re3 40. Qd7+ Kf6 41. Qc6+ Re6 42. Qc8 Kf5 43. g4+ Kg5
44. Qxe6 Kf4 45. Qf5+ Ke3 46. Qe4+ Kd2 47. f4 Kc1 48. b4 Kb2 49. bxc5 Bxc5
50. Qe1 Kxa2 51. Qa5+ Ba3 52. Qxa6 {Black resigns} 1-0

[Event "ICC tourney 1954 (60 10)"]
[Site "Internet Chess Club"]
[Date "2020.08.07"]
[Round "1"]
[White "Vidipkona"]
[Black "BabyCheeks25"]
[Result "1-0"]
[ICCResult "Black checkmated"]
[WhiteElo "1260"]
[BlackElo "853"]
[Opening "Caro-Kann: advance variation"]
[ECO "B12"]
[NIC "CK.04"]
[Time "12:21:44"]
[TimeControl "3600+10"]

1. e4 c6 2. d4 d5 3. e5 Bf5 4. Nf3 e6 5. Bd3 Bg6 6. O-O c5 7. c3 Bxd3 8.
Qxd3 c4 9. Qc2 Ne7 10. Bg5 Qd7 11. Bxe7 Bxe7 12. Nbd2 O-O 13. Rfe1 Nc6 14.
Nf1 Rac8 15. Ng3 Rfe8 16. Re2 Bf8 17. Rae1 a5 18. a4 Ne7 19. Ng5 Ng6 20. Nh3
Be7 21. f4 Bh4 22. Rf1 Bxg3 23. hxg3 Re7 24. g4 h6 25. f5 exf5 26. gxf5 Nf8
27. Nf4 Ree8 28. Nh5 Nh7 29. Re3 Rc6 30. Rg3 Ng5 31. Qd2 Qd8 32. Qf4 Rc7 33.
f6 g6 34. Ng7 Rf8 35. Qh4 Ne4 36. Rh3 h5 37. Nxh5 g5 38. Qg4 Qd7 39. Rf5 Kh7
40. Nf4+ Kg8 41. Rxg5+ Nxg5 42. Qxg5# {Black checkmated} 1-0

[Event "ICC tourney 1954 (60 10)"]
[Site "Internet Chess Club"]
[Date "2020.08.07"]
[Round "1"]
[White "Diyor"]
[Black "Cgchess"]
[Result "0-1"]
[ICCResult "White checkmated"]
[WhiteElo "1064"]
[BlackElo "1404"]
[Opening "French: advance, Milner-Barry gambit"]
[ECO "C02"]
[NIC "FR.03"]
[Time "12:21:31"]
[TimeControl "3600+10"]

1. e4 e6 2. d4 d5 3. e5 c5 4. c3 Nc6 5. Nf3 Qb6 6. Bd3 Bd7 7. Bc2 O-O-O 8.
O-O cxd4 9. cxd4 Nge7 10. a3 Nf5 11. Bxf5 exf5 12. b4 Be6 13. Qd3 Be7 14.
Nc3 f6 15. b5 Na5 16. Na4 Qc7 17. Bd2 Nc4 18. Rfc1 Kb8 19. Qb3 Nxd2 20. Nxd2
Qa5 21. Nf3 Rhe8 22. b6 a6 23. Rc7 Rd7 24. Rac1 Rdd8 25. exf6 gxf6 26. R1c5
Bxc5 27. Rxc5 Rc8 28. h3 Rxc5 29. dxc5 Qb5 30. Qxb5 axb5 31. Nc3 Bd7 32. Nd4
Re1+ 33. Kh2 Rc1 34. Ncxb5 Bxb5 35. Nxb5 Rxc5 36. Nd4 f4 37. g3 fxg3+ 38.
Kxg3 Rc3+ 39. Kg4 Rc4 40. Kf5 Rxd4 41. Kxf6 Rd1 42. Ke5 d4 43. Ke4 Rb1 44.
Kxd4 Rxb6 45. Ke4 Ra6 46. f4 Rxa3 47. f5 Ra6 48. Ke5 Kc8 49. f6 Kd8 50. f7
Ke7 51. f8=Q+ Kxf8 52. Kd5 Ke8 53. Kc5 Kd8 54. Kb5 Kc7 55. Kc5 Rh6 56. Kb5
Rxh3 57. Kc5 Rc3+ 58. Kb5 h5 59. Kb4 h4 60. Kxc3 h3 61. Kd3 h2 62. Ke3 h1=Q
63. Ke2 Qd5 64. Kf2 Qe4 65. Kg3 Qf5 66. Kg2 Qf4 67. Kg1 Qf3 68. Kh2 Qg4 69.
Kh1 Kd6 70. Kh2 Ke5 71. Kh1 Ke4 72. Kh2 Kf3 73. Kh1 Qg2# {White checkmated}
0-1

[Event "ICC tourney 1954 (60 10)"]
[Site "Internet Chess Club"]
[Date "2020.08.07"]
[Round "1"]
[White "amdink"]
[Black "stanwang"]
[Result "1-0"]
[ICCResult "Black checkmated"]
[WhiteElo "1092"]
[BlackElo "1159"]
[Opening "Two knights defense"]
[ECO "C59"]
[NIC "KP.01"]
[Time "12:21:39"]
[TimeControl "3600+10"]

1. e4 e5 2. Nf3 Nc6 3. Bc4 Nf6 4. Ng5 d5 5. exd5 Na5 6. Bb5+ c6 7. dxc6 bxc6
8. Be2 Bc5 9. O-O O-O 10. c3 Nb7 11. b4 Bb6 12. d3 h6 13. Ne4 Bf5 14. Nbd2
a5 15. Nc4 Bc7 16. Nxf6+ Qxf6 17. Bg4 Bxg4 18. Qxg4 axb4 19. cxb4 e4 20. Bb2
Qg6 21. Qxe4 Qxe4 22. dxe4 Rfe8 23. e5 Ra4 24. a3 c5 25. Bc3 Raa8 26. Rfe1
cxb4 27. axb4 Rxa1 28. Rxa1 Nd8 29. b5 Re6 30. g3 Bb6 31. Nxb6 Rxb6 32. Ra8
Rxb5 33. Rxd8+ Kh7 34. Rd7 Kg8 35. Rd8+ Kh7 36. Rd4 Rb3 37. Bd2 Rb5 38. Re4
Rb2 39. Be3 Kg6 40. e6 fxe6 41. Rxe6+ Kf5 42. Re7 g5 43. Rh7 Kg6 44. Rd7 Kh5
45. Rd6 Rc2 46. h3 Ra2 47. g4+ Kh4 48. Rxh6# {Black checkmated} 1-0

[Event "ICC tourney 1954 (60 10)"]
[Site "Internet Chess Club"]
[Date "2020.08.07"]
[Round "1"]
[White "Knighthhhh"]
[Black "catseyenebula"]
[Result "0-1"]
[ICCResult "White checkmated"]
[WhiteElo "637"]
[BlackElo "1136"]
[Opening "QGD: 4.Bg5 Nbd7"]
[ECO "D51"]
[NIC "QO.16"]
[Time "12:22:21"]
[TimeControl "3600+10"]

1. d4 d5 2. c4 e6 3. Nc3 Nf6 4. Bg5 Nbd7 5. Nf3 Be7 6. e3 h6 7. Bh4 O-O 8.
cxd5 Nxd5 9. Bxe7 Qxe7 10. e4 Nxc3 11. bxc3 Nf6 12. Bd3 c5 13. O-O Rd8 14.
e5 Nd5 15. Qc2 cxd4 16. cxd4 Nb4 17. Qd2 Nxd3 18. Qxd3 b6 19. Qe4 Bb7 20.
Qe3 Bxf3 21. Qxf3 Rac8 22. Rfd1 Rc4 23. Qd3 Qb4 24. Qe3 Rcxd4 25. Rxd4 Qxd4
26. Qxd4 Rxd4 27. g3 Re4 28. f4 Re2 29. Kh1 Rb2 30. Kg1 b5 31. a4 b4 32. a5
b3 33. Rc1 Rc2 34. Rb1 b2 35. Kf1 Rc1+ 36. Kg2 Rxb1 37. a6 Ra1 38. Kh3 b1=Q
39. g4 Ra3+ 40. Kh4 Qe1+ 41. Kh5 g6+ 42. Kxh6 Qh4# {White checkmated} 0-1

[Event "ICC tourney 1954 (60 10)"]
[Site "Internet Chess Club"]
[Date "2020.08.07"]
[Round "1"]
[White "mihirppatil04"]
[Black "Rishid7"]
[Result "1-0"]
[ICCResult "Black resigns"]
[WhiteElo "1263"]
[BlackElo "864"]
[Opening "Queen's pawn, Mason variation"]
[ECO "D00"]
[NIC "QP.08"]
[Time "12:21:36"]
[TimeControl "3600+10"]

1. d4 d5 2. Bf4 Bf5 3. e3 Nf6 4. Bd3 Ne4 5. f3 Nd6 6. Bxd6 Bxd3 7. Bxc7 Qxc7
8. Qxd3 Qb6 9. Qb3 Qa6 10. Qxd5 Nc6 11. Nc3 Nb4 12. Qb3 e6 13. a3 Nc6 14.
Nge2 Na5 15. Qa4+ Kd8 16. b4 Nc4 17. Qxa6 bxa6 18. Kf2 Rc8 19. Ne4 Be7 20.
Nc5 a5 21. Ra2 Rc7 22. Ng3 g6 23. Nge4 Ke8 24. Ke2 Kf8 25. Kd3 Nd6 26. Nxd6
Bxd6 27. c4 Bxc5 28. bxc5 Kg7 29. Rb2 Re8 30. Rb5 e5 31. d5 a4 32. Rhb1 a6
33. Ra5 Rec8 34. c6 Re7 35. Rxa6 f5 36. Rb7 Rec7 37. Raa7 Rxb7 38. Rxb7+ Kf6
39. c5 g5 40. Kc4 h5 41. c7 Ke7 42. d6+ Kd7 43. Rb8 g4 44. Kd5 gxf3 45. c6+
Ke8 46. gxf3 {Black resigns} 1-0

[Event "ICC tourney 1954 (60 10)"]
[Site "Internet Chess Club"]
[Date "2020.08.07"]
[Round "1"]
[White "BenPaquet"]
[Black "CajunWyoCowboy"]
[Result "0-1"]
[ICCResult "White resigns"]
[WhiteElo "878"]
[BlackElo "1281"]
[Opening "Sicilian: Taimanov variation"]
[ECO "B45"]
[NIC "SI.39"]
[Time "12:21:52"]
[TimeControl "3600+10"]

1. e4 c5 2. Nf3 e6 3. d4 cxd4 4. Nxd4 Nc6 5. Nc3 Bb4 6. Nxc6 bxc6 7. Bd2 d5
8. Bd3 d4 9. Ne2 Bxd2+ 10. Qxd2 e5 11. O-O Ne7 12. c3 c5 13. b4 cxb4 14.
cxd4 exd4 15. Bb5+ Bd7 16. Bxd7+ Qxd7 17. Qxd4 Qxd4 18. Nxd4 O-O 19. Rac1
Rfc8 20. Nb3 a5 21. Rxc8+ Nxc8 22. Rd1 Nb6 23. Nc5 g6 24. g3 Rc8 25. Nb7 a4
26. Rb1 Rc4 27. Nd6 Rd4 28. e5 Nd5 29. f4 Rd2 30. Ra1 Nc3 31. Nc4 Rxa2 32.
Rxa2 Nxa2 33. Nb6 a3 34. Nc4 Kf8 35. Kf2 Ke7 36. Ke1 Ke6 37. Kd2 Kd5 38.
Ne3+ Kd4 39. Nc2+ Kc4 40. Nxa3+ bxa3 41. Kc2 Nc3 42. g4 Kb4 43. f5 gxf5 44.
gxf5 Nd5 45. e6 fxe6 46. fxe6 h5 47. Kb1 Kb3 48. Ka1 Ne3 49. e7 Nc2+ 50. Kb1
a2+ 51. Kc1 a1=Q+ 52. Kd2 Qe1+ 53. Kd3 Qxe7 {White resigns} 0-1

[Event "ICC tourney 1954 (60 10)"]
[Site "Internet Chess Club"]
[Date "2020.08.07"]
[Round "1"]
[White "falcon2020"]
[Black "alphablitz"]
[Result "1-0"]
[ICCResult "Black resigns"]
[WhiteElo "1182"]
[BlackElo "727"]
[Opening "Queen's pawn, Mason variation"]
[ECO "D00"]
[NIC "QP.08"]
[Time "12:22:17"]
[TimeControl "3600+10"]

1. d4 d5 2. Bf4 Nf6 3. e3 Bf5 4. Bd3 Bxd3 5. Qxd3 e6 6. Nd2 Nc6 7. c3 Bd6 8.
Bxd6 Qxd6 9. Ngf3 Qd8 10. c4 O-O 11. O-O Nb4 12. Qb3 a5 13. a3 Na6 14. Qxb7
Qb8 15. Qxb8 Raxb8 16. Rab1 c6 17. Ne5 Rfc8 18. Rfc1 h6 19. Rc2 c5 20. Rbc1
cxd4 21. exd4 Kf8 22. cxd5 Rxc2 23. Rxc2 exd5 24. h3 a4 25. g4 Rd8 26. Nc6
Rc8 27. Nb4 Rxc2 28. Nxc2 g5 29. b3 axb3 30. Nxb3 Ke7 31. Kf1 Kd6 32. Ke2
Ne4 33. f3 Nc3+ 34. Kd3 Na4 35. Ne3 Ke6 36. Nf5 Kf6 37. Nxh6 Nc7 38. Nf5 Nb5
39. Ne3 Ke6 40. Nc2 Nb2+ 41. Ke2 Nc3+ 42. Kd2 Nca4 43. Nc5+ Nxc5 44. dxc5
Kd7 45. Kc3 Na4+ 46. Kb4 Nb2 47. a4 Kc7 48. a5 Kb7 49. Kb5 Nd1 50. a6+ Ka7
51. c6 Nc3+ 52. Kc5 Kxa6 53. Kd4 Nb5+ 54. Kxd5 Kb6 55. Nd4 Nxd4 56. Kxd4
Kxc6 57. Ke5 Kd7 58. Kf5 Ke7 59. Kxg5 Kf8 60. h4 Kg7 61. h5 f6+ 62. Kf5 Kf7
63. h6 Kg8 64. Kxf6 Kh7 65. g5 Kg8 66. g6 Kh8 67. g7+ Kg8 68. h7+ Kxh7 69.
Kf7 {Black resigns} 1-0

[Event "ICC tourney 1954 (60 10)"]
[Site "Internet Chess Club"]
[Date "2020.08.07"]
[Round "1"]
[White "jhong2"]
[Black "tarunrswami"]
[Result "1-0"]
[ICCResult "Black checkmated"]
[WhiteElo "1231"]
[BlackElo "820"]
[Opening "Réti opening"]
[ECO "A04"]
[NIC "QP.11"]
[Time "12:22:22"]
[TimeControl "3600+10"]

1. Nf3 Nc6 2. d4 Nf6 3. g3 e6 4. Bg2 d5 5. O-O Bd6 6. Bg5 O-O 7. Nc3 Be7 8.
Qd2 Re8 9. Rfe1 Bd7 10. e4 b6 11. a4 a5 12. b3 Rb8 13. exd5 exd5 14. Ne5 Bb4
15. Qd3 Bxc3 16. Qxc3 Nb4 17. Nxd7 Rxe1+ 18. Rxe1 Qxd7 19. Bf4 Rc8 20. h4
Qf5 21. Re2 Qd7 22. Kh2 Ng4+ 23. Kg1 c5 24. Bh3 cxd4 25. Qxd4 Nxc2 26. Qb2
Nb4 27. f3 Nd3 28. Qd4 Rc1+ 29. Bxc1 Nxc1 30. Re1 Nxb3 31. Qxg4 Qc6 32. Qc8+
Qxc8 33. Bxc8 g6 34. Rb1 Nd4 35. Kf2 Kg7 36. Rxb6 Ne6 37. Ra6 d4 38. Rxa5 d3
39. Rd5 d2 40. Rxd2 Nc5 41. a5 Nb3 42. Ra2 Nd4 43. a6 Nb5 44. a7 Nc7 45. Rc2
Na8 46. Bb7 Nb6 47. Rb2 Nd7 48. a8=Q Nf8 49. Bd5 h5 50. Qb7 Kh6 51. Qxf7 Nh7
52. Rb6 Nf8 53. Rb7 g5 54. Qg7# {Black checkmated} 1-0

[Event "ICC tourney 1954 (60 10)"]
[Site "Internet Chess Club"]
[Date "2020.08.07"]
[Round "1"]
[White "temporarydanger"]
[Black "eevee11"]
[Result "1-0"]
[ICCResult "Black resigns"]
[WhiteElo "1170"]
[BlackElo "698"]
[Opening "Scandinavian: Icelandic gambit"]
[ECO "B01"]
[NIC "SD.03"]
[Time "12:22:22"]
[TimeControl "3600+10"]

1. e4 d5 2. exd5 Nf6 3. c4 e6 4. Qe2 Be7 5. dxe6 Bxe6 6. Nf3 O-O 7. d4 Bb4+
8. Bd2 Bxd2+ 9. Qxd2 Re8 10. Be2 Bxc4 11. Nc3 Nd5 12. O-O Bxe2 13. Nxe2 Nc6
14. Rfe1 Qd7 15. Ng3 Rxe1+ 16. Rxe1 Re8 17. Rxe8+ Qxe8 18. Qg5 Qd7 19. Nh5
f6 20. Qh4 Qf5 21. h3 g6 22. Ng3 Qb1+ 23. Kh2 Qxb2 24. Qe4 Qxa2 25. Qe6+ Kg7
26. Qd7+ Nce7 27. Ne4 Kf7 28. g4 Qe2 29. Nfd2 Nf4 30. Qxc7 Ne6 31. Qxb7 Nxd4
32. Nb3 Nf3+ 33. Kg3 Qd3 34. Nec5 Qc3 35. Qxf3 Qxf3+ 36. Kxf3 Ke8 37. Nd4
Kd8 38. Nb5 Nc6 39. Ke4 Ne7 40. Nxa7 Nc8 41. Nxc8 Kxc8 42. f4 Kd8 43. g5
fxg5 44. fxg5 Ke7 45. Ke5 Kf7 46. h4 Kg8 47. Kf6 Kf8 48. Ne6+ Kg8 49. Nf4
Kf8 50. Nxg6+ {Black resigns} 1-0

[Event "ICC tourney 1954 (60 10)"]
[Site "Internet Chess Club"]
[Date "2020.08.07"]
[Round "1"]
[White "Lucasmoon17"]
[Black "AJRChess2011"]
[Result "0-1"]
[ICCResult "White checkmated"]
[WhiteElo "721"]
[BlackElo "1178"]
[Opening "Benko's opening"]
[ECO "A00"]
[NIC "VO.09"]
[Time "12:21:38"]
[TimeControl "3600+10"]

1. g3 d5 2. Bg2 Nf6 3. Nf3 c5 4. O-O Nc6 5. d3 e5 6. c3 Be7 7. Bg5 O-O 8.
Qc2 d4 9. Rd1 h6 10. Bxf6 Bxf6 11. e4 Be7 12. c4 Nb4 13. Qd2 Bd6 14. a3 Nc6
15. a4 Nb4 16. Na3 Qf6 17. Nb5 Bb8 18. Rf1 a6 19. Na3 Bd6 20. a5 Bg4 21. Qe2
Bxf3 22. Bxf3 Bc7 23. Nc2 Nxc2 24. Qxc2 Qxf3 25. Qa4 Qxd3 26. Qd7 Rac8 27.
Qd5 Qb3 28. Rab1 Bxa5 29. f4 exf4 30. Rxf4 Rcd8 31. Qh5 Qe3+ 32. Rf2 Be1 33.
Rxe1 Qxe1+ 34. Rf1 Qe3+ 35. Rf2 d3 36. e5 d2 37. h4 Qxg3+ 38. Rg2 d1=Q+ 39.
Qxd1 Rxd1# {White checkmated} 0-1

[Event "ICC tourney 1954 (60 10)"]
[Site "Internet Chess Club"]
[Date "2020.08.07"]
[Round "1"]
[White "BotanicalKnight"]
[Black "HKChessTour"]
[Result "1/2-1/2"]
[ICCResult "Game drawn by mutual agreement"]
[WhiteElo "1394"]
[BlackElo "1189"]
[Opening "Bishop's opening"]
[ECO "C23"]
[NIC "IG.04"]
[Time "12:22:07"]
[TimeControl "3600+10"]

1. e4 e5 2. Bc4 Nc6 3. d3 Nf6 4. Nc3 Be7 5. f4 Bd6 6. f5 h6 7. Nf3 Bc5 8.
Na4 Bb6 9. Nxb6 axb6 10. O-O d6 11. a3 O-O 12. h3 d5 13. exd5 Nxd5 14. g4
Nf4 15. Bxf4 exf4 16. c3 Na5 17. Ba2 Re8 18. Qd2 Re3 19. d4 Qd6 20. Rae1 Bd7
21. Rxe3 fxe3 22. Qh2 Qc6 23. Ne5 Qb5 24. Bxf7+ Kf8 25. Qf4 e2 26. Re1 Be8
27. Bxe8 Rxe8 {Game drawn by mutual agreement} 1/2-1/2

[Event "ICC tourney 1954 (60 10)"]
[Site "Internet Chess Club"]
[Date "2020.08.07"]
[Round "1"]
[White "nathanarnold12"]
[Black "AF8"]
[Result "1-0"]
[ICCResult "Black resigns"]
[WhiteElo "1371"]
[BlackElo "1005"]
[Opening "French: Tarrasch, open variation"]
[ECO "C07"]
[NIC "FR.18"]
[Time "12:21:42"]
[TimeControl "3600+10"]

1. e4 e6 2. d4 d5 3. Nd2 c5 4. Ngf3 Nc6 5. Bb5 Qb6 6. Bxc6+ Qxc6 7. exd5
exd5 8. dxc5 Bxc5 9. O-O Ne7 10. Nb3 O-O 11. Nxc5 Qxc5 12. h3 Qd6 13. c3 Qg6
14. Kh2 Nf5 15. Qxd5 Be6 16. Qd2 Rad8 17. Qg5 Qxg5 18. Bxg5 Rd7 19. Rad1 h6
20. Rxd7 Bxd7 21. Bf4 Re8 22. Re1 Rxe1 23. Nxe1 Be6 24. a3 Kh7 25. Nd3 Kg6
26. Bb8 a6 27. f4 Bd5 28. Ba7 Nh4 29. g4 Nf3+ 30. Kg3 f5 31. Ne5+ Nxe5 32.
fxe5 fxg4 33. Kxg4 h5+ 34. Kf4 Kh6 35. h4 g5+ 36. hxg5+ Kg6 37. Bf2 b5 38.
Bh4 a5 39. Ke3 Kf5 40. Kd4 Bc4 41. a4 Kg4 42. axb5 Bxb5 43. g6 Be8 44. g7
Bf7 45. Bd8 h4 46. Bxh4 Kxh4 47. Kc5 Kh5 48. Kb5 a4 49. Kxa4 Kg5 50. b4 Kf5
51. b5 Kxe5 52. Ka5 Kd6 53. Ka6 Kc7 54. Ka7 Bd5 55. g8=Q Bxg8 56. b6+ Kc8
57. b7+ Kc7 58. b8=Q+ {Black resigns} 1-0

[Event "ICC tourney 1954 (60 10)"]
[Site "Internet Chess Club"]
[Date "2020.08.07"]
[Round "1"]
[White "oxdidi"]
[Black "Leifpaulson"]
[Result "1-0"]
[ICCResult "Black checkmated"]
[WhiteElo "1329"]
[BlackElo "945"]
[Opening "Giuoco Piano"]
[ECO "C53"]
[NIC "IG.02"]
[Time "12:22:22"]
[TimeControl "3600+10"]

1. e4 e5 2. Nf3 Nc6 3. Bc4 Bc5 4. c3 a5 5. d3 Nf6 6. Nbd2 O-O 7. O-O d5 8.
exd5 Nxd5 9. h3 Nf4 10. Ne4 Be7 11. Nxe5 Nxh3+ 12. gxh3 Nxe5 13. Qh5 Nxd3
14. Rd1 Nf4 15. Bxf4 Qxd1+ 16. Rxd1 Be6 17. Bxe6 fxe6 18. Be5 Rf5 19. Qe2
Rxe5 20. f4 Bc5+ 21. Kh1 Rf5 22. Qg4 h5 23. Qg3 Raf8 24. Rd7 R8f7 25. Rxf7
Rxf7 26. Nxc5 Rf5 27. Nxe6 Kf7 28. Nxc7 Kf6 29. Qh4+ g5 30. fxg5+ Rxg5 31.
Ne6 Kxe6 32. Qxg5 b5 33. Qxb5 h4 34. Qxa5 Kf6 35. Qd5 Kg6 36. Qe5 Kf7 37.
Qd6 Kg7 38. Qe6 Kh8 39. Qg4 Kh7 40. Kg2 Kh6 41. Kf3 Kh7 42. Kf4 Kh6 43. Kf5
Kh7 44. Kf6 Kh8 45. Qg7# {Black checkmated} 1-0

[Event "ICC tourney 1954 (60 10)"]
[Site "Internet Chess Club"]
[Date "2020.08.07"]
[Round "1"]
[White "Rockstaryoyo901"]
[Black "GreSci"]
[Result "0-1"]
[ICCResult "White checkmated"]
[WhiteElo "759"]
[BlackElo "1114"]
[Opening "Sicilian defense"]
[ECO "B30"]
[NIC "SI.31"]
[Time "12:22:04"]
[TimeControl "3600+10"]

1. e4 c5 2. Nf3 Nc6 3. Be2 e6 4. d3 Be7 5. Be3 Nf6 6. Nc3 d5 7. exd5 exd5 8.
d4 b6 9. O-O O-O 10. Qd2 Re8 11. Rad1 Ne4 12. Nxe4 dxe4 13. Ne1 cxd4 14.
Bxd4 Bf5 15. Bc3 Qc7 16. Qe3 Bd6 17. Kh1 Bf4 18. Be5 Qxe5 19. Qb3 Nd4 20.
Rxd4 Qxd4 21. Bc4 Be6 22. Bxe6 Rxe6 23. c3 Qd2 24. Nc2 Qe2 25. Re1 Qxf2 26.
Rd1 Rh6 27. h3 Rxh3+ 28. gxh3 Qh2# {White checkmated} 0-1